 Dungeon Crawl Stone Soup version 0.24-a0-254-gf493760c10 (webtiles) character file.

Game seed: 12575136531109719296

1316 JellyEater the Digger (level 8, -3/44 HPs)
             Began as a Gargoyle Earth Elementalist on Apr 18, 2019.
             Was a Follower of Vehumet.
             Slain by an orc warrior
             ... wielding a +0 glaive
              (6 damage)
             ... on level 7 of the Dungeon.
             The game lasted 00:18:19 (6066 turns).

JellyEater the Digger (Gargoyle Earth Elementalist) Turns: 6066, Time: 00:18:20

Health: -3/44      AC:  9    Str: 12    XL:     8   Next: 59%
Magic:  13/24      EV: 12    Int: 18    God:    Vehumet [*.....]
Gold:   335        SH:  0    Dex: 10    Spells: 8/17 levels left

rFire    . . .     SeeInvis .   i - +1 short sword (elec)
rCold    . . .     Gourm    .   (no shield)
rNeg     + . .     Faith    .   c - +0 robe
rPois    ∞         Spirit   .   (no helmet)
rElec    +         Reflect  .   v - scarf {cloud immunity}
rCorr    .         Harm     .   q - +1 pair of gloves
MR       .....                  (no boots)
Stlth    ++........             (no amulet)
HPRegen  0.14/turn              h - ring of magical power
MPRegen  0.19/turn              (no ring)

@: very slightly contaminated, lightly drained
A: negative energy resistance 1, electricity resistance, unbreathing,
petrification resistance, rot immunity, AC +5
a: Renounce Religion


You were on level 7 of the Dungeon.
You worshipped Vehumet.
Vehumet was aware of your devotion.
You were not hungry.

You visited 2 branches of the dungeon, and saw 8 of its levels.

You collected 335 gold pieces.

Inventory:

Hand Weapons
 i - a +1 short sword of electrocution (weapon)
 r - a +0 flail
Missiles
 b - 27 stones (quivered)
 p - 2 throwing nets
Armour
 c - a +0 robe (worn)
 q - a +1 pair of gloves (worn)
 v - a scarf of cloud immunity (worn)
Jewellery
 h - a ring of magical power (left hand)
Scrolls
 f - 4 scrolls of remove curse
 k - 5 scrolls of teleportation
 w - a scroll of enchant armour
Potions
 a - 3 potions of agility
 j - a potion of curing
 l - 4 potions of lignification
 m - a potion of invisibility
 n - 2 potions of brilliance
 o - a potion of haste
 s - a potion of mutation {unknown}
 t - a potion of might {unknown}
 u - a potion of flight {unknown}
Comestibles
 d - 9 rations


   Skills:
 + Level 2.1(1.9) Fighting
 + Level 1.8(1.6) Maces & Flails
 + Level 2.1(1.9) Armour
 + Level 2.5(2.2) Dodging
 - Level 2.1(1.9) Stealth
 + Level 5.0(4.8) Spellcasting
 + Level 5.0(4.8) Conjurations
   Level 0.7(0.5) Transmutations
 + Level 7.1(6.9) Earth Magic
   Level 1.7(1.5) Evocations


You had 8 spell levels left.
You knew the following spells:

 Your Spells              Type           Power        Failure   Level  Hunger
a - Sandblast             Erth           ####..       1%          1    None
b - Stone Arrow           Conj/Erth      ####..       3%          3    ###....
c - Lee's Rapid Deconstr  Erth           ####......   22%         5    ######.

Your spell library contained the following spells:

 Spells                   Type           Power        Failure   Level  Hunger
 Freeze                   Ice            #...         14%         1    None
 Passwall                 Tmut/Erth      ###.....     4%          2    #......
 Confusing Touch          Hex            #.....       14%         1    None
 Petrify                  Tmut/Erth      ###.....     30%         4    ####...
 Confuse                  Hex            #.......     38%         3    ###....
 Gell's Gravitas          Tloc           #.........   38%         3    ###....
 Metabolic Englaciation   Hex/Ice        #.........   98%         5    ######.
 Yara's Violent Unravell  Hex/Tmut       #.........   98%         5    ######.


Dungeon Overview and Level Annotations

Branches:
Dungeon (7/15)             Temple (1/1) D:5

Altars:
Ashenzari
Cheibriados
Dithmenos
Elyvilon
Fedhas
Gozag
Hepliaklqana
Kikubaaqudgha
Makhleb
Nemelex Xobeh
Okawaru
Qazlal
Ru
Sif Muna
Trog
Uskayaw
Vehumet
Wu Jian
Xom
Yredelemnul
Zin
The Shining One


Innate Abilities, Weirdness & Mutations

You are resistant to torment.
Your stone body is resilient. (AC +5)
You are immune to poison.
You resist negative energy. (rN+)
You are resistant to electric shocks. (rElec)
You can survive without breathing.
You are immune to petrification.
You are immune to rotting.


Message History

Confirm with . or Enter, or press ? or * to list all spells.
Aiming: Sandblast (safe; 1% risk of failure)
Press: ? - help, Shift-Dir - straight line, f/p - orc warrior
Aim: an orc warrior, wielding a +0 glaive and wearing a +0 plate armour (almost dead)
The blast of sand hits the orc warrior but does no damage.
The orc warrior is almost dead.
b - 28 stones The crimson imp blinks!
The orc warrior hits you from afar with a +0 glaive.
* * * LOW HITPOINT WARNING * * *
Casting: Sandblast (safe; 1% risk of failure)
Confirm with . or Enter, or press ? or * to list all spells.
Aiming: Sandblast (safe; 1% risk of failure)
Press: ? - help, Shift-Dir - straight line, f/p - orc warrior
Aim: an orc warrior, wielding a +0 glaive and wearing a +0 plate armour (almost dead)
The blast of sand hits the orc warrior.
The orc warrior is almost dead.
b - 27 stones The orc warrior hits you from afar with a +0 glaive.
You die...

.##...#o#
.##.#o#.#
.....ooo#####
......5oo.§.#
.##.#.#####)#
#.#. #o# ..
#o# .# #)# #.
#@# .
........#
####.##.# ..
..# ## ..#
#..# #..#
...#


You could see an orc warrior and an orc.

Vanquished Creatures
  Eustachio (D:6)
  2 orc warriors (D:6)
  An ogre (D:4)
  A bullfrog (D:6)
  A crimson imp (D:5)
  2 hounds
  A quasit (D:6)
  2 bullfrog skeletons
  2 orc priests (D:6)
  7 orc wizards
  4 worker ants
  3 hound skeletons (D:4)
  8 gnolls (D:3)
  6 adders
  2 oozes
  3 worms
  3 dart slugs (D:1)
  A leopard gecko (D:1)
  16 orcs
  9 bats
  7 giant cockroaches
  12 goblins
  3 hobgoblins (D:2)
  12 jackals
  3 ball pythons
  8 frilled lizards
  6 kobolds
  6 rats
132 creatures vanquished.

Notes
Turn   | Place    | Note
-------+----------+-------------------------------------------
     0 | D:1      | JellyEater the Gargoyle Earth Elementalist began the quest
                  | for the Orb.
     0 | D:1      | Reached XP level 1. HP: 10/10 MP: 3/3
   240 | D:1      | Reached skill level 4 in Earth Magic
   240 | D:1      | Reached XP level 2. HP: 15/15 MP: 3/5
   683 | D:1      | Reached XP level 3. HP: 19/19 MP: 6/6
   688 | D:1      | Learned a level 3 spell: Stone Arrow
  1256 | D:2      | Reached skill level 1 in Conjurations
  1328 | D:2      | Reached XP level 4. HP: 22/24 MP: 8/8
  1645 | D:2      | Found a sacrificial altar of Ru.
  1959 | D:3      | Found a burning altar of Makhleb.
  1959 | D:3      | Found a hazy altar of Hepliaklqana.
  1960 | D:3      | Found a blossoming altar of Fedhas.
  2147 | D:3      | Reached skill level 5 in Earth Magic
  2185 | D:3      | Reached XP level 5. HP: 27/28 MP: 4/9
  2571 | D:3      | Learned a level 5 spell: Lee's Rapid Deconstruction
  3233 | D:4      | Noticed an ogre
  3238 | D:4      | Killed an ogre
  3238 | D:4      | Reached XP level 6. HP: 15/32 MP: 7/11
  3499 | D:4      | Reached skill level 6 in Earth Magic
  3798 | D:4      | Reached XP level 7. HP: 26/36 MP: 13/13
  4177 | D:5      | Entered Level 5 of the Dungeon
  4816 | D:5      | Found a staircase to the Ecumenical Temple.
  4823 | Temple   | Entered the Ecumenical Temple
  4927 | Temple   | Became a worshipper of Vehumet
  5064 | D:5      | Found a glowing golden altar of the Shining One.
  5183 | D:6      | Noticed Eustachio
  5226 | D:6      | Killed Eustachio
  5226 | D:6      | Reached skill level 1 in Fighting
  5226 | D:6      | Reached skill level 1 in Maces & Flails
  5226 | D:6      | Reached skill level 1 in Armour
  5226 | D:6      | Reached skill level 1 in Evocations
  5226 | D:6      | Reached XP level 8. HP: 43/43 MP: 15/15
  5677 | D:6      | Reached skill level 7 in Earth Magic
  5686 | D:6      | Reached * piety under Vehumet
  5686 | D:6      | Offered knowledge of Freeze by Vehumet.
  5686 | D:6      | Reached skill level 5 in Spellcasting
  6047 | D:7      | Reached skill level 5 in Conjurations
  6066 | D:7      | Slain by an orc warrior

Levels and vault maps discovered:
D:1:      minmay_arrival_loop, layout_basic
D:2:      layout_basic, nicolae_ru_path_of_blood
D:3:      layout_basic, gammafunk_temple_overflow_claw,
          minmay_misc_feat_four_crosses
D:4:      layout_rooms
D:5:      layout_loops_cross, minmay_temple_entry_enclosed_plants, first_ration,
          hangedman_abyss_or_decor_stabs, nicolae_tso_swordbearing_angel
D:6:      layout_cave_pods, uniq_eustachio
D:7:      corexii_shantytown, layout_basic, uniq_menkaure
Temple:   hc_temple_tempest_star

Skill      XL: |  1  2  3  4  5  6  7  8 |
---------------+-------------------------+-----
Earth Magic    | 4 5 6 7 |  7.1
Conjurations   | 1 3 4 5 |  5.0
Spellcasting   | 3 4 5 |  5.0
Fighting       | 1 2 |  2.1
Maces & Flails | 1 |  1.8
Armour         | 1 2 |  2.1
Dodging        | 2 |  2.5
Evocations     | 1 |  1.7
Stealth        | |  2.1
Transmutations | |  0.7

Action                   |  1- 3 |  4- 6 |  7- 9 || total
-------------------------+-------+-------+-------++-------
Melee: Dagger            |     9 |       |       ||     9
       Short sword       |    88 |   147 |    84 ||   319
 Cast: Sandblast         |    10 |    25 |    34 ||    69
       Stone Arrow       |       |     1 |     2 ||     3
       Lee's Rapid Decon |       |       |     1 ||     1
Evoke: Wand              |       |       |     8 ||     8
  Use: Scroll            |       |       |    13 ||    13
       Potion            |       |       |     1 ||     1
 Stab: Sleeping          |     4 |     4 |     1 ||     9
  Eat: Chunk             |     2 |     7 |     8 ||    17
Armor: Robe              |    36 |    51 |    52 ||   139
Dodge: Dodged            |    64 |    95 |    85 ||   244

Table legend:
 A = Non-vault XP
 B = Vault XP
 C = Vault XP percentage of total XP
 D = Non-vault monster count
 E = Vault monster count
 F = Vault count percentage of total count
                 A         B        C        D         E       F
            +---------+---------+-------+---------+---------+-------
      Total |    1678 |     202 |  10.7 |     131 |       1 |   0.8
            +---------+---------+-------+---------+---------+-------
        D:1 |      40 |       0 |   0.0 |      22 |       0 |   0.0
        D:2 |      69 |       0 |   0.0 |      25 |       0 |   0.0
        D:3 |     173 |       0 |   0.0 |      29 |       0 |   0.0
        D:4 |     366 |       0 |   0.0 |      19 |       0 |   0.0
        D:5 |     194 |       0 |   0.0 |       9 |       0 |   0.0
        D:6 |     708 |     202 |  22.2 |      22 |       1 |   4.3
        D:7 |     128 |       0 |   0.0 |       5 |       0 |   0.0
            +---------+---------+-------+---------+---------+-------
